 Dungeon Crawl Stone Soup version 0.22-b1-59-g0aedee7 (webtiles) character file.

39 MTVSty1e the Chopper (level 3, -1/23 HPs)
             Began as a Gargoyle Fighter on Aug 9, 2018.
             Slain by an orc priest
             ... wielding a +4 flail of holy wrath
              (2 damage)
             ... on level 3 of the Dungeon.
             The game lasted 00:01:19 (1199 turns).

MTVSty1e the Chopper (Gargoyle Fighter)             Turns: 1199, Time: 00:01:20

Health: -1/23      AC: 10    Str: 15 (18) XL:     3   Next: 47%
Magic:  3/3        EV:  6    Int:  8 (10) God:
Gold:   49         SH:  8    Dex:  7 (9)  Spells: 2/2 levels left

rFire    x . .     SeeInvis .   a - +0 war axe
rCold    + . .     Gourm    .   c - +0 shield
rNeg     + . .     Faith    .   b - +0 scale mail
rPois    ∞         Spirit   .   (no helmet)
rElec    +         Reflect  .   (no cloak)
rCorr    .         Harm     .   (no gloves)
MR       .....                  (no boots)
Stlth    ..........             j - amulet of rage
HPRegen  0.07/turn              i - ring of ice
MPRegen  0.08/turn              (no ring)

@: no status effects
A: clever 1, negative energy resistance 1, electricity resistance, weak 1,
unbreathing, petrification resistance, rot immunity, AC +3
a: Evoke Berserk Rage


You were on level 3 of the Dungeon.
You were not hungry.

You visited 1 branch of the dungeon, and saw 3 of its levels.

You collected 49 gold pieces.

Inventory:

Hand Weapons
 a - a +0 war axe (weapon)
Armour
 b - a +0 scale mail (worn)
 c - a +0 shield (worn)
Jewellery
 i - a ring of ice (left hand)
 j - an amulet of rage (around neck)
Scrolls
 e - a scroll of fog {unknown}
 g - 3 scrolls of identify {unknown}
 h - 2 scrolls of enchant weapon {unknown}
 l - 2 scrolls of blinking {unknown}
Potions
 d - a potion of might
Comestibles
 f - 3 rations


   Skills:
 - Level 3.2 Fighting
 + Level 3.4 Axes
 - Level 3.2 Armour
 - Level 3.2 Shields


You had 2 spell levels left.
You didn't know any spells.
Your spell library was empty.

Dungeon Overview and Level Annotations

Branches:
Dungeon (3/15)

Altars:


Innate Abilities, Weirdness & Mutations

You are resistant to torment.
Your stone body is resilient. (AC +3)
You are immune to poison.
You resist negative energy. (rN+)
You are resistant to electric shocks. (rElec)
You can survive without breathing.
You are immune to petrification.
You are immune to rotting.
Your mind is acute. (Int +2)
You are weak. (Str -2)


Message History

You are too injured to fight recklessly!
You are too injured to fight recklessly!
You are too injured to fight recklessly!
You are too injured to fight recklessly!
You are too injured to fight recklessly!
You are too injured to fight recklessly!
You are too injured to fight recklessly!
It was a potion of degeneration.
There was something very wrong with that liquid.
You feel weakened.
You feel dopey.
You feel clumsy. You block the orc priest's attack.
It was a potion of magic.
Magic courses through your body.
It was a potion of mutation.
You feel extremely strange.
You feel clever.
You feel weaker.
You feel stupid.
You feel clever.
The orc priest hits you with a flail of holy wrath.
* * * LOW HITPOINT WARNING * * *
You closely miss the orc. You barely miss the orc priest.
You block the orc's attack.
The orc priest hits you with a flail of holy wrath.
You die...

# ### .. #. ..# .#
#.######.##.# .#
#.........#.# .#
#.###..<....#.# .#
#.......).#.#.# o# #
#######.#.#†#.##o##.#
..........#.#.#@o...###
.######†..#.#....#.....
#.............###
#.....###.###$#
######..........# #
#.........####..#
.............#$....
#.........##.##.####
......#.#....# ..


You could see an orc priest and 2 orcs.

Vanquished Creatures
  A worm (D:2)
  2 dart slugs
  A leopard gecko (D:1)
  An orc (D:3)
  A ball python (D:1)
  5 bats
  2 goblins
  6 hobgoblins
  2 frilled lizards (D:1)
  4 kobolds (D:1)
  6 rats (D:1)
31 creatures vanquished.

Notes
Turn   | Place    | Note
-------+----------+-------------------------------------------
     0 | D:1      | MTVSty1e the Gargoyle Fighter began the quest for the Orb.
     0 | D:1      | Reached XP level 1. HP: 14/14 MP: 1/1
    85 | D:1      | Reached XP level 2. HP: 17/19 MP: 2/2
   569 | D:2      | Reached XP level 3. HP: 20/23 MP: 3/3
  1198 | D:3      | Gained mutation: Your mind is acute. (Int +2) [potion of mutation]
  1198 | D:3      | Gained mutation: You are weak. (Str -2) [potion of mutation]
  1198 | D:3      | Lost mutation: Your mind is acute. (Int +2) [potion of mutation]
  1198 | D:3      | Gained mutation: Your mind is acute. (Int +2) [potion of mutation]
  1198 | D:3      | HP: 1/23 [orc priest/flail of holy wrath (3)]
  1199 | D:3      | Slain by an orc priest

Skill      XL: |  1  2 |
---------------+-------+-----
Axes           | 2 3 |  3.4
Fighting       | |  3.2
Armour         | |  3.2
Shields        | |  3.2

Action                   || total
-------------------------++-------
Melee: War axe           ||   105
  Use: Potion            ||     3
  Eat: Ration            ||     1
Armor: Scale mail        ||    51
Dodge: Dodged            ||    21
Block: Shield            ||    63
